 Dungeon Crawl Stone Soup version 0.22.1-2-g9c5b331 (webtiles) character file.

67 Fang the Chopper (level 4, -2/29 HPs)
             Began as a Gargoyle Berserker on Dec 18, 2018.
             Was a Believer of Trog.
             Killed from afar by Sigmund (5 damage)
             ... with a magic dart
             ... on level 2 of the Dungeon.
             The game lasted 00:01:37 (1407 turns).

Fang the Chopper (Gargoyle Berserker)               Turns: 1407, Time: 00:01:37

Health: -2/29      AC:  5    Str: 21    XL:     4   Next: 18%
Magic:  4/4        EV: 15    Int:  8    God:    Trog [**....]
Gold:   86         SH:  0    Dex:  9    Spells: 3/3 levels left

rFire    . . .     SeeInvis .   m - +0 war axe
rCold    + . .     Gourm    .   (no shield)
rNeg     + . .     Faith    .   b - +0 animal skin
rPois    ∞         Spirit   .   (no helmet)
rElec    +         Reflect  .   (no cloak)
rCorr    .         Harm     .   (no gloves)
MR       .....                  (no boots)
Stlth    +.........             (no amulet)
HPRegen  0.09/turn              h - +3 ring of evasion
MPRegen  0.09/turn              j - ring of protection from cold

@: berserk cooldown, slowed, very slow
A: negative energy resistance 1, electricity resistance, unbreathing,
petrification resistance, rot immunity, AC +3
a: Berserk, Trog's Hand, Renounce Religion


You were on level 2 of the Dungeon.
You worshipped Trog.
Trog was pleased with you.
You were not hungry.

You visited 1 branch of the dungeon, and saw 2 of its levels.

You collected 86 gold pieces.

Inventory:

Hand Weapons
 m - a +0 war axe (weapon)
Armour
 b - a +0 animal skin (worn)
Jewellery
 a - a +2 amulet of reflection {unknown}
 h - a +3 ring of evasion (left hand)
 j - a ring of protection from cold (right hand)
Scrolls
 d - 4 scrolls of teleportation {unknown}
 e - a scroll of remove curse {unknown}
 k - 3 scrolls of identify {unknown}
 l - a scroll of immolation {unknown}
Potions
 f - 2 potions of flight {unknown}
 g - a potion of curing {unknown}
 i - a potion of agility {unknown}
 n - a potion of mutation {unknown}
 p - a potion of haste {unknown}
Comestibles
 c - 2 rations


   Skills:
 + Level 3.7 Fighting
 + Level 3.9 Axes
 + Level 2.3 Armour
 + Level 2.0 Dodging


You had 3 spell levels left.
You didn't know any spells.
Your spell library was empty.

Dungeon Overview and Level Annotations

Branches:
Dungeon (2/15)

Altars:

Annotations:
D:2 Sigmund


Innate Abilities, Weirdness & Mutations

You are resistant to torment.
Your stone body is resilient. (AC +3)
You are immune to poison.
You resist negative energy. (rN+)
You are resistant to electric shocks. (rElec)
You can survive without breathing.
You are immune to petrification.
You are immune to rotting.


Message History

You hear some strange, mumbled words.
Something tries to affect you, but you resist.
You hear some strange, mumbled words.
Something tries to affect you, but you resist.
Something hits you. Something hits you.
* * * LOW HITPOINT WARNING * * *
You feel much better. Something hits you but does no damage.
You hear some strange, mumbled words.
A puff of flame appears from out of thin air!
The puff of flame hits you! Something hits you!
* * * LOW HITPOINT WARNING * * *
A magic dart appears from out of thin air!
The magic dart hits you!
* * * LOW HITPOINT WARNING * * *
You see here a +0 hand axe.
A magic dart appears from out of thin air!
The magic dart hits you!
You die...

#..............##....######
#..
#######.##.....#..........#
#.. #.###....#.#........# #..
#.# #....#.#$.......# ##. #.#
#......#........# #.. ##.#
#.###.#####.##### #.) ###..#
#.###)###...########..
#....###...#.##..###.........
#.#......#..@...##...######..
#.#).....#...##....### ##.
##.#......#.#.##.#### ..
#..#.....##.#.##.# #.#
#.#########.#....# .. #.###
..#.#..# #...# .##<..## ###.#
.. #....# #.# ## #.##.#


There were no monsters in sight!

Vanquished Creatures
  3 adders (D:2)
  A worm (D:2)
  A dart slug (D:2)
  A leopard gecko (D:1)
  2 giant cockroaches
  6 goblins
  6 hobgoblins
  3 kobolds
  A quokka (D:2)
  5 bats
  3 frilled lizards
  A jackal skeleton (D:2)
  A quokka skeleton (D:2)
  A rat (D:1)
35 creatures vanquished.

Notes
Turn   | Place    | Note
-------+----------+-------------------------------------------
     0 | D:1      | Fang the Gargoyle Berserker began the quest for the Orb.
     0 | D:1      | Reached XP level 1. HP: 14/14 MP: 1/1
   284 | D:1      | Reached XP level 2. HP: 3/19 MP: 2/2
   776 | D:2      | Reached XP level 3. HP: 17/24 MP: 3/3
  1055 | D:2      | Reached ** piety under Trog
  1176 | D:2      | Reached XP level 4. HP: 15/29 MP: 4/4
  1381 | D:2      | Noticed Sigmund
  1407 | D:2      | Killed from afar by Sigmund

Skill      XL: |  1  2  3 |
---------------+----------+-----
Axes           | 3 |  3.9
Dodging        | 2 |  2.0
Fighting       | |  3.7
Armour         | |  2.3

Action                   |  1- 3 |  4- 6 || total
-------------------------+-------+-------++-------
Melee: Hand axe          |    62 |       ||    62
       War axe           |    64 |     4 ||    68
Invok: Berserk           |     2 |     1 ||     3
  Use: Potion            |       |     2 ||     2
  Eat: Chunk             |     3 |     1 ||     4
Armor: Animal skin       |    35 |     3 ||    38
Dodge: Dodged            |   114 |     3 ||   117
